 Dungeon Crawl Stone Soup version 0.24-a0-545-gd1b266bae6 (webtiles) character file.

Game seed: 3158302755726705738

20126 Gargoyl the Cleaver (level 12, -1/110 HPs)
             Began as a Centaur Abyssal Knight on Aug 18, 2019.
             Was an Elder of Lugonu.
             Slain by a blink frog (2 damage)
             ... while petrified by a basilisk
             ... on level 4 of the Lair of Beasts.
             The game lasted 00:37:35 (22387 turns).

Gargoyl the Cleaver (Centaur Abyssal Knight)       Turns: 22387, Time: 00:37:35

Health: -1/110     AC: 16    Str: 18    XL:     12   Next: 42%
Magic:  18/18      EV:  1    Int: 11    God:    Lugonu [****..]
Gold:   784        SH:  0    Dex: 11    Spells: 11/11 levels left

rFire    + . .     SeeInvis .   F - +6 war axe
rCold    + . .     Gourm    .   G - +3 buckler
rNeg     + + +     Faith    .   p - +0 plate armour
rPois    ∞         Spirit   .   f - +2 helmet
rElec    .         Reflect  .   q - scarf {rC+ rF+}
rCorr    .         Harm     .   l - +0 pair of gloves
MR       +....                  (no barding)
Stlth    ..........             z - amulet of regeneration
HPRegen  0.68/turn              e - +4 ring of evasion
MPRegen  0.16/turn              A - ring of protection from magic

@: petrified, very quick
A: large, hooves 3, deformed body, speed 2, mutation resistance 1, robust 1,
tough skin 3
a: Depart the Abyss, Bend Space, Banish, Corrupt, Renounce Religion


You were on level 4 of the Lair of Beasts.
You worshipped Lugonu.
Lugonu was greatly pleased with you.
You were hungry.

You visited 2 branches of the dungeon, and saw 14 of its levels.
You visited the Abyss 2 times.
You also visited: Ossuary.

You collected 784 gold pieces.

Inventory:

Hand Weapons
 j - a +2 hand axe of freezing
 w - the +4 falchion of Valour {holy, +Fly rN+}
   (You found it on level 2 of the Lair of Beasts)

   It has been blessed by the Shining One to cause great damage to the undead
   and demons.
   It protects you from negative energy.
   It lets you fly.
 F - a +6 war axe (weapon)
Missiles
 g - 10 boomerangs of dispersal
 k - 21 boomerangs (quivered)
Armour
 f - a +2 helmet (worn)
 l - a +0 pair of gloves (worn)
 p - a +0 plate armour (worn)
 q - a scarf of resistance (worn)
 G - a +3 buckler (worn)
Jewellery
 a - an uncursed ring of protection from magic
 e - a +4 ring of evasion (left hand)
 x - an uncursed ring of see invisible
 z - an amulet of regeneration (around neck)
 A - a ring of protection from magic (right hand)
Wands
 n - a wand of polymorph (21)
 o - a wand of flame (10)
 t - a wand of iceblast (11)
 C - a wand of digging (7)
 D - a wand of enslavement (5)
 E - a wand of acid (3)
Scrolls
 b - 2 scrolls of teleportation
 h - 3 scrolls of identify
 i - 9 scrolls of remove curse
 y - a scroll of blinking
 H - a scroll of silence
 I - a scroll of magic mapping
Potions
 d - 5 potions of flight
 m - a potion of magic
 r - 2 potions of mutation
 J - a potion of berserk rage
 K - 2 potions of curing
Comestibles
 c - 16 rations
 s - 10 chunks of flesh


   Skills:
 + Level 7.5 Fighting
 + Level 10.2 Axes
 + Level 1.0 Throwing
 * Level 9.1 Armour
 * Level 6.3 Dodging
 + Level 1.5 Shields
 * Level 9.1 Invocations
 + Level 0.2 Evocations


You had 11 spell levels left.
You didn't know any spells.
Your spell library contained the following spells:

 Spells                   Type           Power        Failure   Level  Hunger
 Animate Skeleton         Necr           N/A          100%        1    ##.....
 Apportation              Tloc           #.....       100%        1    ##.....
 Confusing Touch          Hex            #.....       100%        1    ##.....
 Summon Small Mammal      Summ           #...         100%        1    ##.....


Dungeon Overview and Level Annotations

Branches:
Dungeon (10/15)            Temple (0/1) D:5            Lair (4/6) D:10
  Swamp (0/4) Lair:4
  Snake: Lair:2-4    Spider: Lair:2-4       Orc: D:9-12

Altars:
Gozag
Hepliaklqana
Kikubaaqudgha
Makhleb
Nemelex Xobeh
Okawaru
Ru
Sif Muna
Trog
Wu Jian
Xom
Yredelemnul
The Shining One
Beogh

Shops:
D:8 *   D:10 :

Annotations:
D:6 1 runed translucent door, zawa's ghost, novice MiBe


Innate Abilities, Weirdness & Mutations

You have hooves in place of feet.
Armour fits poorly on your strangely shaped body.
You cover ground very quickly.
You have extremely tough skin. (AC +3)
You are somewhat resistant to further mutation.
You are robust. (+10% HP)


Message History

* * * LOW HITPOINT WARNING * * *
The blink frog hits you but does no damage.
The water moccasin bites you but does no damage.
The blink frog hits you but does no damage.
The blink frog blinks!
The basilisk bites you but does no damage.
The blink frog hits you.
* * * LOW HITPOINT WARNING * * *
The water moccasin bites you.
* * * LOW HITPOINT WARNING * * *
The blink frog hits you but does no damage.
The blink frog blinks!
The blink frog hits you.
* * * LOW HITPOINT WARNING * * *
The basilisk bites you!
* * * LOW HITPOINT WARNING * * *
The water moccasin bites you but does no damage.
The blink frog blinks!
The blink frog hits you.
* * * LOW HITPOINT WARNING * * *
The blink frog hits you.
You die...

.##§§§........#.# ..
###§§.§#.......# ..+
.##§.#..##§...## ..#
.#...####.##.####..##
...§..#####..###....#
}..................P###.
..............F...[.....
....♣♣.........F........
.♣......F.l@F..$.^#
..♣.##+###S§.....#^ .♣♣.
#........# ♣
#......##^.. ..##....P#
#. §.. ....(.# #..
#....## ## #....#


You could see a basilisk, 4 blink frogs and a water moccasin.

Vanquished Creatures
  Snorg (Lair:3)
  Erolcha (D:10)
  Harold (Lair:1)
  A two-headed ogre (D:10)
  Urug (D:10)
  Nergalle (D:9)
  Pikel (D:6)
  Joseph (D:7)
  3 spiny frogs
  2 komodo dragons
  A rime drake (Lair:3)
  A troll (D:9)
  2 polar bears (Lair:3)
  4 blink frogs (Lair:3)
  4 hippogriffs
  15 yaks
  3 basilisks (Lair:2)
  A hungry ghost (D:10)
  5 water moccasins
  8 porcupines
  5 orc warriors
  4 sky beasts
  A slave (D:6)
  5 ice beasts
  3 black bears
  2 eyes of draining
  2 phantoms (D:9)
  3 wolves (D:10)
  3 ogres
  A centaur (D:9)
  6 crocodiles (Lair:1)
  9 bullfrogs
  An elf zombie (Ossuary)
  A wyvern skeleton (D:10)
  3 scorpions
  3 wights
  2 electric eels
  2 howler monkeys
  A bullfrog zombie (D:6)
  6 crimson imps
  3 centaur zombies
  6 hounds
  A quasit (D:8)
  2 centaur skeletons
  4 jellies
  A bullfrog skeleton (D:9)
  A gnoll shaman (D:6)
  12 orc priests
  7 orc wizards
  Jessica (D:3)
  Natasha (thrice) (D:3)
  4 iguanas
  3 worker ants
  3 big kobold zombies (Ossuary)
  2 hound zombies
  2 mummies (Ossuary)
  A worker ant zombie (D:9)
  Robin (D:2)
  10 adders
  6 gnolls
  5 shadow imps
  An ooze (D:3)
  An adder skeleton (D:4)
  3 adder zombies (Ossuary)
  4 worms
  5 dart slugs
  3 leopard geckos
  65 orcs
  5 bats
  3 giant cockroaches
  15 goblins
  11 hobgoblins
  13 jackals
  2 quokkas
  3 frilled lizards
  8 hobgoblin zombies (Ossuary)
  3 jackal zombies
  4 kobolds
  6 kobold zombies (Ossuary)
  A leopard gecko skeleton (D:5)
  A leopard gecko zombie (D:7)
  10 orc zombies (Ossuary)
  9 rats
  A rat zombie (Ossuary)
  A fungus (D:10)
  2 plants (D:10)
378 creatures vanquished.

Vanquished Creatures (others)
  A hydra (Lair:2)
  A two-headed ogre (D:8)
  A black mamba (Lair:2)
  A blink frog (Lair:2)
  A vampire (D:10)
  A slave (D:6)
  A centaur (D:8)
  9 fungi
  2 plants
18 creatures vanquished.

Grand Total: 396 creatures vanquished

Notes
Turn   | Place    | Note
-------+----------+-------------------------------------------
     0 | Abyss:1  | Gargoyl the Centaur Abyssal Knight began the quest for the
                  | Orb.
     0 | Abyss:1  | Reached XP level 1. HP: 19/19 MP: 2/2
   150 | Abyss:1  | Noticed an apocalypse crab
   174 | Abyss:1  | Noticed a hellwing
   181 | Abyss:1  | Noticed a wretched star
   196 | Abyss:1  | Noticed a smoke demon
   228 | Abyss:2  | Noticed a sixfirhy
   235 | D:1      | Escaped the Abyss
   549 | D:1      | Reached * piety under Lugonu
   762 | D:1      | Reached XP level 2. HP: 18/26 MP: 3/3
  1108 | D:1      | Reached skill level 2 in Axes
  1521 | D:2      | Reached skill level 1 in Dodging
  1521 | D:2      | Reached XP level 3. HP: 22/31 MP: 4/4
  1838 | D:2      | Found a shimmering blue altar of Sif Muna.
  2363 | D:2      | Found a basalt altar of Yredelemnul.
  2504 | D:3      | Found an opulent altar of Gozag.
  2606 | D:3      | Reached XP level 4. HP: 38/38 MP: 5/5
  3042 | D:3      | Reached XP level 5. HP: 28/46 MP: 5/7
  3169 | D:3      | Noticed Robin
  3178 | D:3      | Noticed Natasha
  3179 | D:3      | Reached ** piety under Lugonu
  3193 | D:3      | HP: 2/46 [goblin/sling bullet[Robin] (5)]
  3544 | D:2      | Killed Robin
  3597 | D:3      | Killed Natasha
  3597 | D:3      | Reached skill level 3 in Axes
  3659 | D:3      | Noticed Natasha
  3812 | D:3      | Killed Natasha
  3945 | D:3      | Noticed Natasha
  3957 | D:3      | Killed Natasha
  3957 | D:3      | Reached XP level 6. HP: 45/52 MP: 8/8
  4139 | D:3      | Noticed Jessica
  4143 | D:3      | Killed Jessica
  4787 | D:4      | Found a glowing golden altar of the Shining One.
  5024 | D:4      | Found a shimmering altar of Xom.
  5405 | D:5      | Entered Level 5 of the Dungeon
  5426 | D:5      | Reached skill level 4 in Axes
  5453 | D:5      | Reached XP level 7. HP: 45/59 MP: 9/9
  5648 | D:5      | Found a staircase to the Ecumenical Temple.
  5993 | D:6      | Gained mutation: You are robust. (+10% HP) [potion of
                  | mutation]
  5993 | D:6      | Gained mutation: You are somewhat resistant to further
                  | mutation. [potion of mutation]
  6030 | D:6      | Noticed Pikel
  6047 | D:6      | HP: 1/96 [Pikel/+2 whip of electrocution (20)]
  6049 | D:6      | Killed Pikel
  6049 | D:6      | Reached skill level 5 in Axes
  6049 | D:6      | Reached XP level 8. HP: 1/73 MP: 9/11
  6656 | D:6      | Found a runed translucent door.
  6798 | D:6      | Noticed zawa's ghost (novice MiBe)
  6845 | D:6      | Reached *** piety under Lugonu
  7244 | D:6      | Found a sparkling altar of Nemelex Xobeh.
  7361 | D:7      | Found a hazy altar of Hepliaklqana.
  7375 | D:7      | Reached skill level 6 in Axes
  7384 | D:7      | Reached skill level 5 in Armour
  7773 | D:7      | Reached XP level 9. HP: 80/80 MP: 12/12
  7783 | D:7      | Reached skill level 5 in Invocations
  7849 | D:7      | Reached skill level 5 in Fighting
  7859 | D:7      | Found a bloodstained altar of Trog.
  7920 | D:7      | Noticed Joseph
  7961 | D:7      | Killed Joseph
  8508 | D:8      | Found a sand-covered staircase.
  8516 | Ossuary  | Entered an ossuary
  8532 | Ossuary  | Reached **** piety under Lugonu
  8802 | Ossuary  | Reached ***** piety under Lugonu
  8984 | D:8      | Reached skill level 7 in Axes
  9120 | D:8      | Noticed a two-headed ogre
  9137 | D:8      | Banished a two-headed ogre
  9646 | D:8      | Reached XP level 10. HP: 56/90 MP: 14/14
  9802 | D:8      | Found an ancient bone altar of Kikubaaqudgha.
  9802 | D:8      | Found a burning altar of Makhleb.
  9913 | D:8      | Found Dollyit's General Store.
 10781 | D:9      | Found an ornate altar of the Wu Jian Council.
 10883 | D:9      | Found an iron altar of Okawaru.
 10929 | D:9      | Found a sacrificial altar of Ru.
 10978 | D:9      | Reached skill level 8 in Axes
 11687 | D:10     | Entered Level 10 of the Dungeon
 11910 | D:10     | Noticed Nergalle
 12018 | D:9      | Killed Nergalle
 12251 | D:10     | Noticed Urug
 12457 | D:10     | Escaped the Abyss
 12782 | D:10     | Noticed Erolcha
 12810 | D:10     | Killed Erolcha
 12810 | D:10     | Reached skill level 5 in Dodging
 12839 | D:10     | Found a roughly hewn altar of Beogh.
 13343 | D:10     | Found Duifirit's Book Shoppe.
 13374 | D:10     | Reached XP level 11. HP: 35/97 MP: 16/16
 13382 | D:10     | Noticed a two-headed ogre
 13421 | D:10     | HP: 3/97 [two-headed ogre/+0 dire flail (4)]
 14656 | D:10     | Found a staircase to the Lair.
 14768 | Lair:1   | Entered Level 1 of the Lair of Beasts
 15590 | D:10     | Killed a two-headed ogre
 15590 | D:10     | Reached skill level 9 in Axes
 16558 | D:10     | Killed Urug
 18164 | Lair:1   | Noticed Harold
 18187 | Lair:1   | Killed Harold
 19720 | Lair:2   | Reached XP level 12. HP: 110/110 MP: 18/18
 19758 | Lair:2   | Got a fine falchion
 19759 | Lair:2   | Identified the +4 falchion of Valour {holy, +Fly rN+} (You
                  | found it on level 2 of the Lair of Beasts)
 19834 | Lair:2   | Noticed a five-headed hydra
 19837 | Lair:2   | Banished a five-headed hydra
 20250 | Lair:2   | Reached skill level 1 in Throwing
 20473 | Lair:2   | Reached skill level 10 in Axes
 20776 | Lair:3   | Reached skill level 1 in Shields
 22102 | Lair:4   | Noticed Snorg
 22156 | Lair:3   | Killed Snorg
 22212 | Lair:4   | Found a staircase to the Swamp.
 22386 | Lair:4   | HP: 5/110 [blink frog (2)]
 22386 | Lair:4   | HP: 2/110 [basilisk (3)]
 22387 | Lair:4   | Slain by a blink frog

Levels and vault maps discovered:
D:1:      dpeg_arrival_boxes_within_box, layout_basic
D:2:      layout_loops_ring, lemuel_round_altar, lemuel_round_altar,
          chequers_avenue
D:3:      layout_loops_cross, grunt_gozag_breadcrumbs, nrook_campfire,
          st_stairs_6, hangedman_decor_clover_reticule, uniq_natasha,
          uniq_robin, uniq_jessica
D:4:      layout_loops_corners, xom_butterflies, kennysheep_little_box,
          first_ration, feat_on_display
D:5:      layout_rooms, minmay_temple_entry_wispy
D:6:      layout_basic, nemelex_xobeh_ov_fountains_minmay,
          ebering_ghost_reflecting_pool, uniq_pikel
D:7:      layout_cave_pods, nicolae_overflow_crystal_walls,
          lemuel_crystal_altar, uniq_joseph
D:8:      kennysheep_blocky_hall, layout_cave_pods,
          gammafunk_temple_overflow_wave, nicolae_ossuary_entry_plus,
          serial_shops, nicolae_shop_window_shopping, serial_park,
          serial_park_square2
D:9:      layout_stronghold, okawaru_trees_1, kennysheep_mini,
          lemuel_doored_altar
D:10:     layout_roguey, grunt_lair_entry_orc_guard_hut, serial_shops, shop,
          special_room [special_room_orc], uniq_urug, uniq_nergalle,
          uniq_erolcha
Lair:1:   wad_woods_pond, layout_layer_cave, beast_lair_carwin_2, uniq_harold
Lair:2:   layout_layer_cave
Lair:3:   layout_cave_pods, gammafunk_lair_bear_cave
Lair:4:   layout_regular_city, swamp_mist, spider_nest_entry_rubble,
          serial_bayou_pond_c, roderic_batcave, guppyfry_lair_drakes,
          uniq_rupert, uniq_snorg

Skill      XL: |  1  2  3  4  5  6  7  8  9 10 11 12 |
---------------+-------------------------------------+-----
Axes           | 2 3 4 5 6 7 8 9 10 | 10.2
Dodging        | 1 2 3 4 5 6 |  6.3
Armour         | 2 3 4 5 6 7 8 9 |  9.1
Invocations    | 3 4 6 7 8 9 |  9.1
Fighting       | 4 5 6 7 |  7.5
Throwing       | 1 |  1.0
Shields        | 1 |  1.5
Evocations     | |  0.2

Action                   |  1- 3 |  4- 6 |  7- 9 | 10-12 || total
-------------------------+-------+-------+-------+-------++-------
Melee: Hand axe          |   116 |   207 |   481 |   313 ||  1117
       Kick              |    15 |    40 |   121 |   213 ||   389
       War axe           |       |       |       |   540 ||   540
Throw: Boomerang         |       |     3 |       |    11 ||    14
Invok: Depart the Abyss  |     1 |       |       |     1 ||     2
       Bend Space        |       |     1 |     1 |     7 ||     9
       Banish            |       |       |     2 |     7 ||     9
       Enter the Abyss   |       |       |       |     1 ||     1
Evoke: Wand              |       |       |       |     6 ||     6
  Use: Scroll            |     5 |       |    12 |    17 ||    34
       Potion            |       |     3 |     3 |    15 ||    21
 Stab: Invisible         |       |       |       |     2 ||     2
  Eat: Chunk             |     3 |     9 |    12 |    33 ||    57
       Ration            |       |       |       |     4 ||     4
Armor: Chain mail        |    74 |   131 |    77 |       ||   282
       Leather armour    |     1 |       |       |       ||     1
       Plate armour      |       |       |   217 |   602 ||   819
       Skin              |       |       |       |     3 ||     3
Dodge: Dodged            |    39 |   107 |   179 |   429 ||   754
Block: Buckler           |       |       |       |   120 ||   120

Table legend:
 A = Non-vault XP
 B = Vault XP
 C = Vault XP percentage of total XP
 D = Non-vault monster count
 E = Vault monster count
 F = Vault count percentage of total count
                 A         B        C        D         E       F
            +---------+---------+-------+---------+---------+-------
      Total |   19536 |    9216 |  32.1 |     278 |     102 |  26.8
            +---------+---------+-------+---------+---------+-------
        D:1 |      37 |       0 |   0.0 |      19 |       0 |   0.0
        D:2 |      64 |      17 |  21.0 |      18 |       2 |  10.0
        D:3 |     217 |     107 |  33.0 |      19 |      14 |  42.4
        D:4 |     155 |       0 |   0.0 |      10 |       0 |   0.0
        D:5 |     409 |       0 |   0.0 |      15 |       0 |   0.0
        D:6 |     700 |     673 |  49.0 |      24 |       1 |   4.0
        D:7 |     863 |     493 |  36.4 |      21 |       1 |   4.5
        D:8 |    1499 |     269 |  15.2 |      20 |       4 |  16.7
        D:9 |    2363 |     949 |  28.7 |      48 |       2 |   4.0
       D:10 |    3651 |    3377 |  48.1 |      36 |      33 |  47.8
     Lair:1 |    2130 |     955 |  31.0 |      15 |       1 |   6.2
     Lair:2 |    4245 |       0 |   0.0 |      20 |       0 |   0.0
     Lair:3 |    1564 |    1900 |  54.8 |       6 |       5 |  45.5
     Lair:4 |    1639 |     143 |   8.0 |       7 |       1 |  12.5
    Ossuary |       0 |     333 | 100.0 |       0 |      38 | 100.0
            +---------+---------+-------+---------+---------+-------
